 Dungeon Crawl Stone Soup version 0.32-a0-558-g233958a4c4 (webtiles) character file.

Game seed: 6113990283921739487

18 kae the Firebug (level 2, 0/2 HPs)
             Began as a Deep Elf Fire Elementalist on Mar 1, 2024.
             Slain by a goblin
             ... wielding a +0 club
              (2 damage)
             ... on level 1 of the Dungeon.
             The game lasted 00:00:37 (518 turns).

kae the Firebug (Deep Elf Fire Elementalist)         Turns: 518, Time: 00:00:37

Health: 0/2        AC:  1    Str: 15    XL:     2   Next: 48%
Magic:  6/8        EV:  8    Int: 19    God:
Gold:   0          SH:  0    Dex: 15    Spells: 7/8 levels left

rFire   + + .        (weapon currently unavailable)
rCold   x . .        (shield currently unavailable)
rNeg    . . .        a - melded +0 robe
rPois   +            (helmet currently unavailable)
rElec   .            (cloak currently unavailable)
rCorr   .            (gloves currently unavailable)
SInv    .            (boots currently unavailable)
Will    .....        (no amulet)
Stlth   ++           (no ring)
HPRegen 0.20/turn    (no ring)
MPRegen 0.11/turn

%: no passive effects
@: dragon-form, flying
A: dragon claw, dragon scales, breathe fire, flying, reduced hp, giant
a: Breathe Fire, Begin Untransformation


You were on level 1 of the Dungeon.
You were a fearsome dragon!
You visited 1 branch of the dungeon, and saw 1 of its levels.


   Skills:
 - Level 2.4 Dodging
 - Level 2.4 Stealth
 + Level 3.5 Spellcasting
 + Level 1.8 Conjurations
 + Level 3.6 Fire Magic


You had 7 spell levels left.
You knew the following spells:

 Your Spells              Type           Power      Damage    Failure   Level
a - Foxfire               Conj/Fire      52%        2x1d6     4%          1

Your spell library contained the following spells:

 Spells                   Type           Power      Damage    Failure   Level
 Scorch                   Fire           34%        2d6       4%          2
 Inner Flame              Hex/Fire       10%        N/A       21%         3
 Volatile Blastmotes      Fire/Tloc      20%        2d11      21%         3
 Flame Wave               Conj/Fire      13%        2d6       43%         4

Inventory:

Missiles
 c - 5 stones
Armour
 a - a +0 robe (melded)
Talismans
 d - a dragon-blood talisman (active)
   (You found it on level 1 of the Dungeon)
Scrolls
 e - 2 scrolls of identify {unknown}
Potions
 b - a potion of magic

Dungeon Overview and Level Annotations

Branches:
Dungeon (1/15) Zot: 5481

Altars:

# ##..# #.# #.#.....# #.
#..###.###.#..##.# ##.#
#..โ€ .......#......
###...###.####.######.####
....#.......##.# #.# #
........#.#.##.# #.# #
..##.##>#ยง#.##.# #.# #
#.##.#ยง#.##.# #.# #
#....vDยง....# #.# .
#.##.#gv...... #.# # #
#.#.#.##### ..# ..#.#.#
####...# ... # ##.. ..


You could see a goblin (ally target).


Message History

๐Ÿ˜Ž HP[-13] MP[+1]
You now have 2 max hp (-13).
A hobgoblin comes into view. ๐Ÿ˜Ž MP[+1]
Your mp is fully restored (8).
A hobgoblin is nearby!
Casting: Foxfire (safe; 4% risk of failure)
Confirm with . or Enter, or press ? or * to list all spells.
You conjure some foxfire!
The foxfire hits the hobgoblin.
The hobgoblin shouts! ๐Ÿ˜Ž MP[-1]
You lost 1 mp, and now have 7/8 mp.
A hobgoblin is nearby!
You claw the hobgoblin!
You kill the hobgoblin!
A rat comes into view.
A rat is nearby!
Casting: Foxfire (safe; 4% risk of failure)
Confirm with . or Enter, or press ? or * to list all spells.
You conjure some foxfire!
The rat squeaks loudly.
The foxfire hits the rat.
You kill the rat!
A bat comes into view. ๐Ÿ˜Ž MP[+1]
Your mp is fully restored (8).
A bat is nearby!
A bat is nearby!
Casting: Foxfire (safe; 4% risk of failure)
Confirm with . or Enter, or press ? or * to list all spells.
You conjure some foxfire!
The foxfire hits the bat.
The bat hits you.
Ouch! That really hurt!
* * * LOW HITPOINT WARNING * * *
๐Ÿ˜จ HP[-1] MP[-1]
You take 1 damage, and now have 1/2 hp.
MASSIVE DAMAGE!! (PAUSE)
You lost 1 mp, and now have 7/8 mp.
You are too injured to fight recklessly!
You are too injured to fight recklessly!
You barely miss the bat. You bite the bat.
You kill the bat!
Unknown command.
e - a scroll labelled XOUGITZ FEXT ๐Ÿ˜Ž HP[+1] MP[+1]
Your hp is fully restored (2).
Your mp is fully restored (8).
e - 2 scrolls labelled XOUGITZ FEXT (gained 1)
You see here a hobgoblin skeleton.
A goblin comes into view. It is wielding a +0 dagger.
A goblin is nearby!
A goblin is nearby!
Casting: Foxfire (safe; 4% risk of failure)
Confirm with . or Enter, or press ? or * to list all spells.
You conjure some foxfire! ๐Ÿ˜Ž MP[-1]
You lost 1 mp, and now have 7/8 mp.
The goblin shouts!
The foxfire hits the goblin.
You kill the goblin!
Casting: Foxfire (safe; 4% risk of failure)
Confirm with . or Enter, or press ? or * to list all spells.
You conjure some foxfire! ๐Ÿ˜Ž MP[-1]
You lost 1 mp, and now have 6/8 mp.
You see here a +0 spear.
A giant cockroach comes into view. ๐Ÿ˜Ž MP[+2]
Your mp is fully restored (8).
A giant cockroach is nearby!
A giant cockroach is nearby!
Casting: Foxfire (safe; 4% risk of failure)
Confirm with . or Enter, or press ? or * to list all spells.
You conjure some foxfire!
The foxfire hits the giant cockroach but does no damage.
The foxfire hits the giant cockroach.
You kill the giant cockroach! ๐Ÿ˜Ž MP[-1]
You lost 1 mp, and now have 7/8 mp.
Okay, then.
You see here a giant cockroach corpse.
Found a stone staircase leading down. ๐Ÿ˜Ž MP[+1]
Your mp is fully restored (8).
There is a stone staircase leading down here.
A goblin comes into view. It is wielding a +0 club.
A goblin is nearby!
A goblin is nearby!
Casting: Foxfire (safe; 4% risk of failure)
Confirm with . or Enter, or press ? or * to list all spells.
You conjure some foxfire!
The foxfire hits the goblin. ๐Ÿ˜Ž MP[-1]
You lost 1 mp, and now have 7/8 mp.
The foxfire hits the goblin.
Casting: Foxfire (safe; 4% risk of failure)
Confirm with . or Enter, or press ? or * to list all spells.
You conjure some foxfire!
The goblin hits you with a +0 club.
Ouch! That really hurt!
You die...

Action                     || total
---------------------------++-------
  Melee: Unarmed           ||     2
         Bite              ||     1
   Cast: Foxfire           ||    31
 Armour: Robe              ||     4
         Skin              ||     2
  Dodge: Dodged            ||     4
   Form: Dragon            ||     1

Levels and vault maps discovered:
D:1:      erik_arrival_orb_chamber, layout_loops_ring, nicolae_eternal_life,
          minivault_19

Notes
Turn   | Place    | Note
-------+----------+-------------------------------------------
     0 | D:1      | kae the Deep Elf Fire Elementalist began the quest for the
                  | Orb.
     0 | D:1      | Reached XP level 1. HP: 10/10 MP: 6/6
     0 | D:1      | magus.rc [v1.11.3]
   214 | D:1      | Reached XP level 2. HP: 13/15 MP: 2/8
   518 | D:1      | Slain by a goblin

Vanquished Creatures
  An endoplasm (D:1)
  3 giant cockroaches (D:1)
  2 goblins (D:1)
  3 hobgoblins (D:1)
  A ball python (D:1)
  2 bats (D:1)
  A kobold (D:1)
  3 rats (D:1)
16 creatures vanquished.

Vanquished Creatures (others)
  50 foxfires (D:1)
50 creatures vanquished.

Grand Total: 66 creatures vanquished

Table legend:
 A = Non-vault XP
 B = Vault XP
 C = Vault XP percentage of total XP
 D = Non-vault monster count
 E = Vault monster count
 F = Vault count percentage of total count
                 A         B        C        D         E       F
            +---------+---------+-------+---------+---------+-------
      Total |      26 |       0 |   0.0 |      16 |       0 |   0.0
            +---------+---------+-------+---------+---------+-------
        D:1 |      26 |       0 |   0.0 |      16 |       0 |   0.0
            +---------+---------+-------+---------+---------+-------

Action                     || total
---------------------------++-------
  Melee: Unarmed           ||     2
         Bite              ||     1
   Cast: Foxfire           ||    31
 Armour: Robe              ||     4
         Skin              ||     2
  Dodge: Dodged            ||     4
   Form: Dragon            ||     1

Illustrated notes

Table legend:
 A = Kills in this place as a percentage of kills in the entire game.
 B = Kills by you in this place as a percentage of kills by you in the entire game.
 C = Kills by friends in this place as a percentage of kills by friends in the entire game.
 D = Other kills in this place as a percentage of other kills in the entire game.
 E = Experience gained in this place as a percentage of experience gained in the entire game.
 F = Experience gained in this place divided by the number of levels of this place that you have seen.
                   A       B       C       D       E      F
               +-------+-------+-------+-------+-------+----------------------
         Total | 100.0 | 100.0 |   N/A |   N/A | 100.0 |  26.0
       Dungeon | 100.0 | 100.0 |   N/A |   N/A | 100.0 |  26.0
               +-------+-------+-------+-------+-------+----------------------

Table legend: (Time is in decaauts)
 A = Elapsed time spent in this place.
 B = Non-inter-level travel time spent in this place.
 C = Inter-level travel time spent in this place.
 D = Time resting spent in this place.
 E = Time spent auto-exploring this place.
 F = Levels seen in this place.
 G = Mean time per level.
                   A        B        C        D        E       F      G
               +--------+--------+--------+--------+--------+-----+--------+
         Total |    518 |    518 |      0 |      0 |    416 |   1 |  518.0 |
       Dungeon |    518 |    518 |      0 |      0 |    416 |   1 |  518.0 |
               +--------+--------+--------+--------+--------+-----+--------+

Top non-repeatable levels by time:
     D:1: 518 daAuts
